 Dungeon Crawl Stone Soup version 0.32-a0-607-g64ea0e4219 (webtiles) character file.

Game seed: 3873912791223782462

8157 ytrimaz the Fighter (level 11, 0/90 HPs)
             Began as a Coglin Gladiator on Mar 2, 2024.
             Was a High Priest of Okawaru.
             Slain by a two-headed ogre
             ... wielding a +0 giant spiked club
              (4 damage)
             ... on level 8 of the Dungeon on Mar 4, 2024.
             The game lasted 00:11:03 (7460 turns).

ytrimaz the Fighter (Coglin Gladiator)              Turns: 7460, Time: 00:11:03

Health: 0/90       AC: 13    Str: 24    XL:     11   Next: 26%
Magic:  12/14      EV: 14    Int:  8    God:    Okawaru [*****.]
Gold:   379        SH:  0    Dex: 10    Spells: 10/10 levels left

rFire   + + .        a - +1 war axe (freeze) {Conrad}
rCold   . . .        g - +12 scimitar of the Depths {vamp, rElec Will+ Str+5 Dex-3}
rNeg    . . .        v - +0 steam dragon scales
rPois   .            c - +0 helmet
rElec   +            x - +2 cloak "Qunot" {Rampage Fly rF++ Dex-2}
rCorr   .            w - +0 pair of gloves
SInv    .            (no boots)
Will    +....        (amulet unavailable)
Stlth   +++          (ring unavailable)
HPRegen 0.35/turn    (ring unavailable)
MPRegen 0.14/turn    (no gizmo)

%: rampage
@: heroic, flying, revved
A: off-hand wielding, slow wielding, warmup strikes, no jewellery
a: Invent Gizmo, Renounce Religion, Heroism, Finesse, Duel


You were on level 8 of the Dungeon.
You worshipped Okawaru.
Okawaru was extremely pleased with you.
You visited 2 branches of the dungeon, and saw 9 of its levels.
You also visited: Ossuary.

You collected 379 gold pieces.


Innate Abilities, Weirdness & Mutations

You can wield a second weapon in your off-hand.
It takes a long time for you to wield or remove held weapons.
Your first few attacks do less damage.
You cannot equip rings or amulets.


   Skills:
 - Level 10.0(15.0) Fighting
 - Level 8.0(13.0) Long Blades
 - Level 8.0(13.0) Axes
 - Level 1.7(6.7) Throwing
 + Level 5.7(10.7) Armour
 - Level 2.9(7.9) Dodging
 + Level 5.2 Invocations


You had 10 spell levels left.
You didn't know any spells.
Your spell library contained the following spells:

 Spells                   Type           Power      Damage    Failure   Level
 Ensorcelled Hibernation  Hex/Ice        0%         N/A       54%         2
 Mercury Vapours          Alch/Air       0%         N/A       54%         2
 Static Discharge         Conj/Air       0%         3-3/arc   54%         2
 Fugue of the Fallen      Necr           0%         N/A       78%         3
 Inner Flame              Hex/Fire       0%         N/A       78%         3
 Mephitic Cloud           Conj/Alch/Air  0%         N/A       78%         3
 Passwall                 Erth           0%         N/A       78%         3
 Swiftness                Air            0%         N/A       78%         3
 Airstrike                Air            0%         2d(0-16)  99%         4
 Anguish                  Hex/Necr       0%         N/A       99%         4
 Flame Wave               Conj/Fire      0%         2d4       99%         4
 Sticky Flame             Fire/Alch      0%         2d4       99%         4
 Freezing Cloud           Conj/Ice/Air   0%         6-21      100%        5
 Orb of Destruction       Conj           0%         9d5       100%        7
 Summon Blazeheart Golem  Fire/Summ      Unusable   N/A       N/A         4
 Summon Lightning Spire   Summ/Air       Unusable   N/A       N/A         4
 Spellforged Servitor     Conj/Summ      Unusable   N/A       N/A         7

Inventory:

Hand Weapons
 a - a +1 war axe of freezing (weapon) {Conrad}
 f - a +0 dagger {Ealdgyð}
 g - the +12 scimitar of the Depths (offhand) {vamp, rElec Will+ Str+5 Dex-3}
   (You took it off a gnoll on level 3 of the Dungeon)

   Str+5:     It affects your strength (+5).
   Dex-3:     It affects your dexterity (-3).
   rElec:     It insulates you from electricity.
   Will+:     It increases your willpower.
 i - a +0 hand axe {Agathoclea}
   (You found it on level 2 of the Dungeon)
Missiles
 d - 5 throwing nets (quivered)
 e - a javelin
Armour
 c - a +0 helmet (worn)
 j - a +1 cloak
   (You found it on level 2 of the Dungeon)
 v - +0 steam dragon scales (worn)
   (You took it off Maggie on level 6 of the Dungeon)
 w - a +0 pair of gloves (worn)
   (You found it on level 5 of the Dungeon)
 x - the +2 cloak "Qunot" (worn) {Rampage Fly rF++ Dex-2}
   (You found it on level 6 of the Dungeon)

   Dex-2:     It affects your dexterity (-2).
   rF++:      It greatly protects you from fire.
   Fly:       It grants you flight.
   Rampage:   It bestows one free step when moving towards enemies.
Wands
 k - a wand of charming (3)
   (You found it on level 2 of the Dungeon)
 m - a wand of flame (16)
   (You took it off an orc on level 3 of the Dungeon)
Scrolls
 n - 5 scrolls of teleportation
 s - 2 scrolls of revelation
 A - a scroll of vulnerability
 E - 2 scrolls of enchant armour
Potions
 b - a potion of resistance {unknown}
 h - 3 potions of lignification
 l - 6 potions of curing
 o - 3 potions of heal wounds
 p - a potion of cancellation
 q - 3 potions of mutation
 r - a potion of degeneration {unknown}
 t - 2 potions of attraction
 u - a potion of brilliance {unknown}
 z - a potion of ambrosia {unknown}
 B - 3 potions of haste {unknown}
 C - a potion of berserk rage {unknown}
 F - 3 potions of might {unknown}
 G - 2 potions of enlightenment {unknown}

Dungeon Overview and Level Annotations

Branches:
Dungeon (8/15) Zot: 26139  Temple (1/1) D:4 Zot: 5948 Ossuary (visited)
   Lair: D:8-11

Altars:
Ashenzari
Cheibriados
Dithmenos
Elyvilon
Fedhas
Gozag
Hepliaklqana
Kikubaaqudgha
Makhleb
Nemelex Xobeh
Okawaru
Qazlal
Ru
Sif Muna
Trog
Vehumet
Wu Jian
Xom
Yredelemnul
Zin
The Shining One

Shops:
D:4 :   D:8 :

Annotations:
D:3 2 transporters, rbyellow5's ghost, amateur OnWr .... # #F.. . #... .Ko

~####.. ~......
~....oy####
#.oO@.# #QY#†.#
#..#..# ....#..#
.....#.†+
#######..#######
~≈≈≈≈~~)~≈≈≈≈≈≈
.#####.†#######
#..#


You could see a tengu warrior, a two-headed ogre, an orc warrior, an ice beast,
a killer bee and an orc wizard.


Message History

The orc warrior hits you with a +0 glaive.
You hit the orc warrior with the +12 scimitar of the Depths.
You completely miss the orc warrior with your +1 war axe of freezing.
A wyvern comes into view.
The orc warrior hits you but does no damage. 😕 HP[-1]
You take 1 damage, and now have 70/90 hp.
Unknown command.
You closely miss the orc warrior with your +1 war axe of freezing.
You barely miss the orc warrior with the +12 scimitar of the Depths.
The orc warrior closely misses you.
You slash the orc warrior with your +1 war axe of freezing!
You freeze the orc warrior.
You kill the orc warrior!
Okawaru accepts your kill.
You hear a splash. x2 😕 HP[+1]
You rampage towards the wyvern!
The wyvern barely misses you.
You barely miss the wyvern with the +12 scimitar of the Depths.
You slash the wyvern with your +1 war axe of freezing!
You freeze the wyvern. The wyvern barely misses you.
The wyvern bites you but does no damage.
Unknown command.
You hit the wyvern with the +12 scimitar of the Depths.
You barely miss the wyvern with your +1 war axe of freezing.
The wyvern barely misses you. 😕 HP[+1]
You closely miss the wyvern with the +12 scimitar of the Depths.
You slash the wyvern with your +1 war axe of freezing!
You freeze the wyvern.
You kill the wyvern!
Okawaru accepts your kill.
You see here a wyvern corpse.
Unknown command.
No target in view! 😕 HP[+1]
A bullfrog comes into view. 😕 HP[+1]
A bullfrog is nearby!
A bullfrog is nearby!
The bullfrog gives a loud, deep croak!
You hear a loud, deep croak!
You hear a shout!
You hear two shouts!
You hear a shout! x4
The bullfrog hits you. 😕 HP[-3]
You take 3 damage, and now have 71/90 hp.
You slash the bullfrog with your +1 war axe of freezing!
The bullfrog seems to slow down.
You freeze the bullfrog.
You barely miss the bullfrog with the +12 scimitar of the Depths.
The bullfrog hits you but does no damage. 😕 HP[+1]
You slash the bullfrog with your +1 war axe of freezing!
The bullfrog seems to slow down.
You freeze the bullfrog.
You kill the bullfrog!
Okawaru accepts your kill.
A gnoll sergeant comes into view. It is wielding a +0 spear.
An ice beast and an orc wizard come into view.
The orc wizard shouts!
A two-headed ogre comes into view.
It is wielding two +0 giant spiked clubs.
A kobold brigand comes into view.
It is wielding a +0 dagger and quivering curare-tipped darts.
You see here a bullfrog corpse.
You rampage towards the gnoll sergeant!
An orc, a killer bee, a bullfrog and a tengu warrior come into view.
You hit the gnoll sergeant with the +12 scimitar of the Depths.
You slash the gnoll sergeant with your +1 war axe of freezing!
You freeze the gnoll sergeant!
You kill the gnoll sergeant!
Okawaru accepts your kill.
You closely miss the orc wizard with your +1 war axe of freezing.
An orc warrior comes into view. It is wielding a +0 battleaxe.
The kobold brigand throws a curare-tipped dart.
The curare-tipped dart closely misses you.
The orc wizard hits you but does no damage.
Unknown command. 😕 HP[+1] Unknown command.
The tengu warrior throws a stone.
The stone closely misses you.
The two-headed ogre attacks as it pursues you!
The two-headed ogre hits you with a +0 giant spiked club!
The two-headed ogre hits you with a +0 giant spiked club!!
* * * LOW HITPOINT WARNING * * *
😨 HP[-31]
You take 31 damage, and now have 42/90 hp.
MASSIVE DAMAGE!! (PAUSE)
You gain the combat prowess of a mighty hero. 😨 MP[-2]
You lost 2 mp, and now have 12/14 mp.
Unknown command.
You fail to use your ability.
The two-headed ogre misses you.
The two-headed ogre hits you with a +0 giant spiked club!
* * * LOW HITPOINT WARNING * * *
😨 HP[-16]
You take 16 damage, and now have 26/90 hp.
Unknown command.
You barely miss the two-headed ogre with the +12 scimitar of the Depths.
You completely miss the two-headed ogre with your +1 war axe of freezing.
The two-headed ogre hits you with a +0 giant spiked club!!
* * * LOW HITPOINT WARNING * * *
The two-headed ogre hits you with a +0 giant spiked club.
You die...

Skill      XL: |  1  2  3  4  5  6  7  8  9 10 11 |
---------------+----------------------------------+-----
Fighting       | 3 4 5 6 7 9 10 | 10.0
Axes           | 4 5 6 7 8 |  8.0
Long Blades    | 2 4 7 8 |  8.0
Armour         | 4 5 |  5.7
Invocations    | 4 5 |  5.2
Throwing       | |  1.7
Dodging        | |  2.9

Action                     |  1- 3 |  4- 6 |  7- 9 | 10-12 || total
---------------------------+-------+-------+-------+-------++-------
  Melee: War axe           |    50 |   109 |   157 |   147 ||   463
         Dagger            |    21 |       |       |       ||    21
         Hand axe          |    27 |    92 |     5 |       ||   124
         Scimitar          |       |       |   168 |   151 ||   319
 Invoke: Heroism           |       |       |       |     2 ||     2
    Use: Scroll            |       |     6 |     6 |     3 ||    15
         Potion            |       |     1 |     1 |       ||     2
   Stab: Sleeping          |     3 |       |       |       ||     3
 Armour: Leather armour    |    25 |    59 |    54 |       ||   138
         Skin              |       |    38 |     5 |       ||    43
         Steam dragon scal |       |       |    76 |   171 ||   247
  Dodge: Dodged            |    35 |    59 |    95 |   120 ||   309

Levels and vault maps discovered:
D:1:      psy_arrival_dodecagon, layout_basic,
          shapermc_ecumenical_altar_mp_ritualfount, serial_curves,
          eino_curves_01, eino_curves_04
D:2:      layout_rooms
D:3:      lemuel_castle_with_subvaults [lemuel_castle_interior_carwin_3],
          layout_basic, gammafunk_ghost_stat_death, minmay_box_of_dots
D:4:      cheibrodos_pilgrimage, layout_basic, minmay_temple_entry_grid,
          serial_shops, shop, st_stairs_11,
          serial_library_regret_index_branch_corner
D:5:      layout_basic
D:6:      layout_loops_cross, slow_altar_1, trog_antimagical,
          mainiacjoe_overflow_large_starburst, mainiacjoe_overflow_alcove_1,
          uniq_prince_ribbit1, uniq_maggie, uniq_eustachio
D:7:      minmay_chambers_of_sevens, layout_basic,
          nicolae_qazlal_eye_of_the_storm, mainiacjoe_overflow_brackets,
          nicolae_ossuary_entry_plus
D:8:      cheibrodos_ideogram_h, layout_loops_corners,
          nicolae_yredelemnul_corpse_copse, serial_shops, shop
Temple:   oiseaux_autumnal_temple

Notes
Turn   | Place    | Note
-------+----------+-------------------------------------------
     0 | D:1      | ytrimaz the Coglin Gladiator began the quest for the Orb.
     0 | D:1      | Reached XP level 1. HP: 16/16 MP: 1/1
     0 | D:1      | magus.rc [v1.9.6]
    70 | D:1      | Reached XP level 2. HP: 23/23 MP: 2/2
   152 | D:1      | Found a faded altar of an unknown god.
   154 | D:1      | You pick up a book of Burglary and begin reading...
   154 | D:1      | You add the spells Ensorcelled Hibernation, Swiftness and
                  | Passwall to your library.
   279 | D:1      | You fall into a shaft and drop 1 floor!
   337 | D:2      | Reached XP level 3. HP: 26/28 MP: 3/3
   366 | D:2      | Reached skill level 3 in Fighting
   842 | D:3      | Reached skill level 4 in Axes
   842 | D:3      | Reached XP level 4. HP: 33/35 MP: 4/4
  1224 | D:3      | Reached XP level 5. HP: 42/42 MP: 5/5
  1228 | D:3      | Reached skill level 4 in Fighting
  1301 | D:3      | magus.rc [v1.9.6]
  1301 | D:3      | Upgraded the game from 0.32-a0-576-g706899e69d to
                  | 0.32-a0-607-g64ea0e4219
  1301 | D:3      | magus.rc [v1.9.6]
  1424 | D:3      | Found a transporter.
  1452 | D:3      | Noticed rbyellow5's ghost (amateur OnWr)
  1511 | D:3      | Reached skill level 5 in Axes
  1535 | D:3      | Reached XP level 6. HP: 25/49 MP: 6/6
  1710 | D:3      | Reached skill level 5 in Fighting
  1713 | D:3      | Identified the +12 scimitar of the Depths {vamp, rElec
                  | Will+ Str+5 Dex-3}
  1718 | D:3      | Reached XP level 7. HP: 25/56 MP: 7/7
  1900 | D:3      | Reached skill level 6 in Axes
  1982 | D:3      | Found a transporter.
  2160 | D:4      | Found Uvivveb's Book Shop.
  2198 | D:4      | You pick up a book of Dreams and begin reading...
  2198 | D:4      | You add the spells Fugue of the Fallen and Anguish to your
                  | library.
  2262 | D:4      | Found a staircase to the Ecumenical Temple.
  2268 | D:4      | You pick up a book of Storms and begin reading...
  2268 | D:4      | You add the spells Static Discharge, Airstrike and Summon
                  | Lightning Spire to your library.
  2272 | Temple   | Entered the Ecumenical Temple
  2305 | Temple   | Became a worshipper of Warmaster Okawaru
  2444 | D:4      | Reached skill level 1 in Long Blades
  2454 | D:4      | Reached skill level 6 in Fighting
  2720 | D:5      | Entered Level 5 of the Dungeon
  2928 | D:5      | Reached skill level 2 in Long Blades
  2928 | D:5      | Reached XP level 8. HP: 64/64 MP: 8/8
  3145 | D:5      | HP: 13/65 [ogre/+0 giant club (25)]
  3432 | D:5      | Reached skill level 7 in Axes
  3940 | D:6      | Reached * piety under Okawaru
  3941 | D:6      | Reached skill level 3 in Long Blades
  3968 | D:6      | Noticed Maggie
  3975 | D:6      | Killed Maggie
  3976 | D:6      | Reached skill level 7 in Fighting
  4077 | D:6      | Reached skill level 4 in Long Blades
  4119 | D:6      | You pick up a book of Vapours and begin reading...
  4119 | D:6      | You add the spells Mercury Vapours, Mephitic Cloud and
                  | Freezing Cloud to your library.
  4158 | D:6      | Found a bloodstained altar of Trog.
  4160 | D:6      | Reached ** piety under Okawaru
  4163 | D:6      | Reached XP level 9. HP: 46/72 MP: 2/9
  4325 | D:6      | Identified the +2 cloak "Qunot" {Rampage Fly rF++ Dex-2}
  4340 | D:6      | Reached skill level 8 in Axes
  4388 | D:6      | Found a white marble altar of Elyvilon.
  4397 | D:6      | Found a glowing golden altar of the Shining One.
  4398 | D:6      | Noticed Prince Ribbit
  4406 | D:6      | Noticed Eustachio
  4407 | D:6      | Reached skill level 5 in Long Blades
  4414 | D:6      | Killed Prince Ribbit
  4415 | D:6      | Reached skill level 8 in Fighting
  4418 | D:6      | Killed Eustachio
  4565 | D:6      | Found a snail-covered altar of Cheibriados.
  4765 | D:6      | Found a shimmering altar of Xom.
  4872 | D:7      | Reached *** piety under Okawaru
  4899 | D:7      | Found a burning altar of Makhleb.
  4981 | D:7      | Reached skill level 6 in Long Blades
  5303 | D:7      | You pick up a book of Dangerous Friends and begin
                  | reading...
  5316 | D:7      | Reached skill level 9 in Fighting
  5328 | D:7      | Found a sand-covered staircase.
  5334 | Ossuary  | Entered an ossuary
  5419 | Ossuary  | Reached skill level 7 in Long Blades
  5451 | Ossuary  | Reached XP level 10. HP: 80/83 MP: 10/10
  5924 | D:7      | Reached **** piety under Okawaru
  6056 | D:7      | Reached skill level 10 in Fighting
  6056 | D:7      | Reached skill level 8 in Long Blades
  6062 | D:7      | Noticed a manticore
  6071 | D:7      | Reached skill level 1 in Armour
  6074 | D:7      | Killed an unseen horror
  6075 | D:7      | Reached skill level 1 in Invocations
  6078 | D:7      | Killed a manticore
  6079 | D:7      | Reached skill level 2 in Armour
  6079 | D:7      | Reached skill level 2 in Invocations
  6087 | D:7      | HP: 21/85 [phantom (4)]
  6089 | D:7      | Reached skill level 3 in Armour
  6317 | D:7      | Reached skill level 3 in Invocations
  6408 | D:7      | Reached ***** piety under Okawaru
  6554 | D:7      | Found a stormy altar of Qazlal.
  6813 | D:8      | Reached skill level 4 in Armour
  6819 | D:8      | Found a basalt altar of Yredelemnul.
  6821 | D:8      | Reached skill level 4 in Invocations
  6831 | D:8      | Reached XP level 11. HP: 59/90 MP: 14/14
  6860 | D:8      | You pick up a book of Flames and begin reading...
  6860 | D:8      | You add the spells Inner Flame, Sticky Flame and Flame Wave
                  | to your library.
  7054 | D:8      | Received a gift from Okawaru
  7055 | D:8      | Reached skill level 5 in Armour
  7188 | D:8      | Found Wasuets's Book Emporium.
  7436 | D:8      | Reached skill level 5 in Invocations
  7455 | D:8      | Noticed a two-headed ogre
  7456 | D:8      | Noticed a tengu warrior
  7460 | D:8      | HP: 4/90 [two-headed ogre/+0 giant spiked club (22)]
  7460 | D:8      | Slain by a two-headed ogre

Vanquished Creatures
  A manticore (D:7)
  An unseen horror (D:7)
  Maggie (D:6)
  4 unseen horror zombies (D:8)
  A hornet (D:7)
  A troll (D:8)
  Prince Ribbit (D:6)
  A vampire (D:7)
  2 wyverns (D:8)
  A yak (D:8)
  Eustachio (D:6)
  A basilisk (D:7)
  4 steam dragons
  2 water moccasins (D:7)
  3 orc warriors
  2 sky beasts (D:7)
  2 ice beasts (D:7)
  A black bear (D:6)
  5 ogres
  4 centaurs (D:7)
  2 phantoms
  A kobold brigand (D:6)
  An elf zombie (Ossuary)
  3 scorpions
  6 bullfrogs
  3 gnoll sergeants
  2 centaur zombies
  A spectral bullfrog (Ossuary)
  A bombardier beetle (D:6)
  7 hounds
  5 human zombies (Ossuary)
  2 jellies
  2 orc priests (D:4)
  A sleepcap (D:7)
  4 iguanas
  3 orc wizards
  2 killer bee zombies (D:8)
  2 crocodile zombies (Ossuary)
  3 spectral hounds (Ossuary)
  A scorpion simulacrum (Ossuary)
  2 howler monkey zombies (D:8)
  2 mummies (Ossuary)
  26 gnolls
  6 adders
  3 hound simulacra (Ossuary)
  A shadow imp (D:8)
  2 ufetubi (D:5)
  2 spectral adders (Ossuary)
  A ribbon worm (D:6)
  2 adder simulacra (Ossuary)
  42 orcs
  7 endoplasms
  5 giant cockroaches
  4 gnoll zombies (Ossuary)
  5 hobgoblins
  15 jackals
  6 kobolds
  5 quokkas
  11 ball pythons
  5 bats
  6 frilled lizards
  3 gnoll simulacra (Ossuary)
  4 goblins
  A jackal simulacrum (Ossuary)
  7 kobold zombies (Ossuary)
  5 orc zombies (Ossuary)
  3 rats
  4 spectral jackals (Ossuary)
276 creatures vanquished.

Table legend:
 A = Non-vault XP
 B = Vault XP
 C = Vault XP percentage of total XP
 D = Non-vault monster count
 E = Vault monster count
 F = Vault count percentage of total count
                 A         B        C        D         E       F
            +---------+---------+-------+---------+---------+-------
      Total |    4107 |    7546 |  64.8 |     129 |     147 |  53.3
            +---------+---------+-------+---------+---------+-------
        D:1 |      27 |       0 |   0.0 |      17 |       0 |   0.0
        D:2 |      43 |       0 |   0.0 |      18 |       0 |   0.0
        D:3 |      40 |     604 |  93.8 |      11 |      55 |  83.3
        D:4 |     209 |     136 |  39.4 |      23 |      10 |  30.3
        D:5 |     505 |       0 |   0.0 |       9 |       0 |   0.0
        D:6 |     680 |    1176 |  63.4 |      16 |       7 |  30.4
        D:7 |    1427 |    2608 |  64.6 |      20 |      14 |  41.2
        D:8 |    1176 |    2357 |  66.7 |      15 |      14 |  48.3
    Ossuary |       0 |     665 | 100.0 |       0 |      47 | 100.0
            +---------+---------+-------+---------+---------+-------

Skill      XL: |  1  2  3  4  5  6  7  8  9 10 11 |
---------------+----------------------------------+-----
Fighting       | 3 4 5 6 7 9 10 | 10.0
Axes           | 4 5 6 7 8 |  8.0
Long Blades    | 2 4 7 8 |  8.0
Armour         | 4 5 |  5.7
Invocations    | 4 5 |  5.2
Throwing       | |  1.7
Dodging        | |  2.9

Action                     |  1- 3 |  4- 6 |  7- 9 | 10-12 || total
---------------------------+-------+-------+-------+-------++-------
  Melee: War axe           |    50 |   109 |   157 |   147 ||   463
         Dagger            |    21 |       |       |       ||    21
         Hand axe          |    27 |    92 |     5 |       ||   124
         Scimitar          |       |       |   168 |   151 ||   319
 Invoke: Heroism           |       |       |       |     2 ||     2
    Use: Scroll            |       |     6 |     6 |     3 ||    15
         Potion            |       |     1 |     1 |       ||     2
   Stab: Sleeping          |     3 |       |       |       ||     3
 Armour: Leather armour    |    25 |    59 |    54 |       ||   138
         Skin              |       |    38 |     5 |       ||    43
         Steam dragon scal |       |       |    76 |   171 ||   247
  Dodge: Dodged            |    35 |    59 |    95 |   120 ||   309

Illustrated notes

Table legend:
 A = Kills in this place as a percentage of kills in the entire game.
 B = Kills by you in this place as a percentage of kills by you in the entire game.
 C = Kills by friends in this place as a percentage of kills by friends in the entire game.
 D = Other kills in this place as a percentage of other kills in the entire game.
 E = Experience gained in this place as a percentage of experience gained in the entire game.
 F = Experience gained in this place divided by the number of levels of this place that you have seen.
                   A       B       C       D       E      F
               +-------+-------+-------+-------+-------+----------------------
         Total | 100.0 | 100.0 |   N/A |   N/A | 100.0 | 1165.3
       Dungeon |  83.0 |  83.0 |   N/A |   N/A |  94.3 | 1373.5
       Ossuary |  17.0 |  17.0 |   N/A |   N/A |   5.7 | 665.0
               +-------+-------+-------+-------+-------+----------------------

Table legend: (Time is in decaauts)
 A = Elapsed time spent in this place.
 B = Non-inter-level travel time spent in this place.
 C = Inter-level travel time spent in this place.
 D = Time resting spent in this place.
 E = Time spent auto-exploring this place.
 F = Levels seen in this place.
 G = Mean time per level.
                   A        B        C        D        E       F      G
               +--------+--------+--------+--------+--------+-----+--------+
         Total |   7536 |   7175 |    361 |    143 |   5558 |  10 |  753.6 |
       Dungeon |   7071 |   6749 |    322 |    143 |   5309 |   8 |  883.9 |
        Temple |     51 |     12 |     39 |      0 |      0 |   1 |   51.0 |
       Ossuary |    413 |    413 |      0 |      0 |    249 |   1 |  413.0 |
               +--------+--------+--------+--------+--------+-----+--------+

Top non-repeatable levels by time:
     D:7: 1335 daAuts
     D:3: 1325 daAuts
     D:5: 1201 daAuts
     D:6: 953 daAuts
     D:8: 860 daAuts
     D:4: 619 daAuts
     D:2: 493 daAuts
 Ossuary: 413 daAuts
     D:1: 283 daAuts
  Temple: 51 daAuts
